SA
NEBRASKA PLAINSMEN @ BELLEVUE BRUINS
09/01/2029
 
TOP OF THE 1ST
Nebraska Plainsmen batting - Pitching for Bellevue Bruins : RHP Claudio Mateo
Pitching: RHP Claudio Mateo
Batting: SHB Cyrille Baffi 0-0: Called Strike
0-1: Ball
1-1: Ball
2-1: Foul Ball, location: 2F
2-2: Foul Ball, location: 2F
2-2: Foul Ball, location: 2F
2-2: Fly out, F7 (Flyball, 7S)
Batting: RHB Jen-djieh Cheung 0-0: Ball
1-0: Called Strike
1-1: Ground out 6-3 (Groundball, 6)
Batting: SHB Allen Pandey 0-0: Called Strike
0-1: Foul Ball, location: 2F
0-2: Ball
1-2: Ball
2-2: Strikes out swinging
Top of the 1st over - 0 runs, 0 hits, 0 errors, 0 left on base; Nebraska 0 - Bellevue 0
BOTTOM OF THE 1ST
Bellevue Bruins batting - Pitching for Nebraska Plainsmen : RHP Enrique Mateo
Pitching: RHP Enrique Mateo
Batting: LHB Juan Romero 0-0: Ground out 3-1 (Groundball, 34)
Batting: RHB Ryan Faulkner 0-0: Ball
1-0: Called Strike
1-1: Ball
2-1: Ground out 6-3 (Groundball, 6)
Batting: SHB Júlio Morín Jr. 0-0: Called Strike
0-1: Ball
1-1: Ball
2-1: Foul Ball, location: 2F
2-2: Ball
3-2: Foul Ball, location: 2F
3-2: Foul Ball, location: 2F
3-2: Foul Ball, location: 2F
3-2: Foul Ball, location: 2F
3-2: Base on Balls
Batting: SHB Aurelio Jiménez 0-0: Ball
1-0: Ball
2-0: Called Strike
2-1: Foul Ball, location: 2F
2-2: Ground out 4-3 (Groundball, 4)
Bottom of the 1st over - 0 runs, 0 hits, 0 errors, 1 left on base; Nebraska 0 - Bellevue 0
TOP OF THE 2ND
Nebraska Plainsmen batting - Pitching for Bellevue Bruins : RHP Claudio Mateo
Batting: RHB Alco Compagne 0-0: Called Strike
0-1: Ball
1-1: Foul Ball, location: 2F
1-2: Strikes out swinging
Batting: RHB Hamilton Swan 0-0: Fly out, F9 (Line Drive, 9S)
Batting: RHB Shelby Loudenslager 0-0: Ball
1-0: Called Strike
1-1: Foul Ball, location: 2F
1-2: Ball
2-2: Ball
3-2: Base on Balls
Batting: SHB José Muñóz 0-0: Swinging Strike
0-1: Called Strike
0-2: Ball
Wild Pitch!
Shelby Loudenslager to second
1-2: Strikes out swinging
Top of the 2nd over - 0 runs, 0 hits, 0 errors, 1 left on base; Nebraska 0 - Bellevue 0
BOTTOM OF THE 2ND
Bellevue Bruins batting - Pitching for Nebraska Plainsmen : RHP Enrique Mateo
Batting: RHB Miguel Elías 0-0: Ball
1-0: Ball
2-0: Fly out, F6 (Popup, P)
Batting: LHB David Muller 0-0: Ball
1-0: Called Strike
1-1: Ball
2-1: Called Strike
2-2: Foul Ball, location: 2F
2-2: Foul Ball, location: 2F
2-2: Ball
3-2: SINGLE (Flyball, 7LS)
Batting: LHB Domingo Colón 0-0: Called Strike
0-1: Ball
1-1: Ball
2-1: Called Strike
2-2: Strikes out looking
Batting: RHB Ramón Ramírez 0-0: Foul Ball, location: 2F
0-1: Ball
1-1: Fielders Choice at 2nd, 5-4 (Groundball, 56)
Bottom of the 2nd over - 0 runs, 1 hit, 0 errors, 1 left on base; Nebraska 0 - Bellevue 0
TOP OF THE 3RD
Nebraska Plainsmen batting - Pitching for Bellevue Bruins : RHP Claudio Mateo
Batting: RHB Phil McCroskey 0-0: Called Strike
0-1: Fly out, F9 (Flyball, 89S)
Batting: RHB Matthias Ballerini 0-0: Called Strike
0-1: Called Strike
0-2: Foul Ball, location: 2F
0-2: Ball
1-2: Strikes out looking
Batting: SHB Cyrille Baffi 0-0: Swinging Strike
0-1: Ball
1-1: Ball
2-1: Foul Ball, location: 2F
2-2: Foul Ball, location: 2F
2-2: Strikes out swinging
Top of the 3rd over - 0 runs, 0 hits, 0 errors, 0 left on base; Nebraska 0 - Bellevue 0
BOTTOM OF THE 3RD
Bellevue Bruins batting - Pitching for Nebraska Plainsmen : RHP Enrique Mateo
Batting: RHB Dennis Shaw 0-0: Fly out, F9 (Flyball, 9)
Batting: LHB Juan Romero 0-0: SINGLE (Line Drive, 8RS)
Batting: RHB Ryan Faulkner 0-0: Called Strike
Pickoff Throw to First - Out!
0-1: Called Strike
0-2: Foul Ball, location: 2F
0-2: Strikes out swinging
Bottom of the 3rd over - 0 runs, 1 hit, 0 errors, 0 left on base; Nebraska 0 - Bellevue 0
TOP OF THE 4TH
Nebraska Plainsmen batting - Pitching for Bellevue Bruins : RHP Claudio Mateo
Batting: RHB Jen-djieh Cheung 0-0: Ball
1-0: Ball
2-0: DOUBLE (Line Drive, 7LS)
Batting: SHB Allen Pandey 0-0: Ball
1-0: Called Strike
1-1: Ground out 6-3 (Groundball, 6)
Batting: RHB Alco Compagne 0-0: Called Strike
0-1: Called Strike
0-2: Ball
1-2: Ball
2-2: DOUBLE (Line Drive, 7D)
Jen-djieh Cheung scores
Batting: RHB Hamilton Swan 0-0: Ball
1-0: Ball
2-0: Swinging Strike
2-1: SINGLE (Flyball, 89S)
Alco Compagne to third
Runner from 3rd tries for Home, SAFE, no throw
Batting: RHB Shelby Loudenslager 0-0: Swinging Strike
0-1: Ball
1-1: Ball
2-1: Foul Ball, location: 2F
2-2: Foul Ball, location: 2F
2-2: Strikes out swinging
Batting: SHB José Muñóz 0-0: Foul Ball, location: 2F
0-1: Foul Ball, location: 2F
0-2: Ball
1-2: Ball
2-2: Foul Ball, location: 2F
2-2: Ground out 5-3 (Groundball, 56S)
Top of the 4th over - 2 runs, 3 hits, 0 errors, 1 left on base; Nebraska 2 - Bellevue 0
BOTTOM OF THE 4TH
Bellevue Bruins batting - Pitching for Nebraska Plainsmen : RHP Enrique Mateo
Batting: SHB Júlio Morín Jr. 0-0: Ball
1-0: Ball
2-0: Fly out, F5 (Popup, 56S)
Batting: SHB Aurelio Jiménez 0-0: Ball
1-0: Ball
2-0: Ball
3-0: Called Strike
3-1: Foul Ball, location: 2F
3-2: Foul Ball, location: 2F
3-2: Foul Ball, location: 2F
3-2: Ground out U3 (Groundball, 34)
Batting: RHB Miguel Elías 0-0: Called Strike
0-1: Fly out, F9 (Flyball, 89D)
Bottom of the 4th over - 0 runs, 0 hits, 0 errors, 0 left on base; Nebraska 2 - Bellevue 0
TOP OF THE 5TH
Nebraska Plainsmen batting - Pitching for Bellevue Bruins : RHP Claudio Mateo
Batting: RHB Phil McCroskey 0-0: Ball
1-0: Ball
2-0: Ground out 5-3 (Groundball, 56)
Batting: RHB Matthias Ballerini 0-0: Foul Ball, location: 2F
0-1: Ball
1-1: Foul Ball, location: 2F
1-2: Ball
2-2: Ball
3-2: Foul Ball, location: 2F
3-2: Strikes out looking
Batting: SHB Cyrille Baffi 0-0: Called Strike
0-1: Ball
1-1: Swinging Strike
1-2: Ball
2-2: Ball
3-2: Strikes out swinging
Top of the 5th over - 0 runs, 0 hits, 0 errors, 0 left on base; Nebraska 2 - Bellevue 0
BOTTOM OF THE 5TH
Bellevue Bruins batting - Pitching for Nebraska Plainsmen : RHP Enrique Mateo
Batting: LHB David Muller 0-0: Ball
1-0: Foul Ball, location: 2F
1-1: Ground out U3 (Groundball, 3)
Batting: LHB Domingo Colón 0-0: Called Strike
0-1: Foul Ball, location: 2F
0-2: Strikes out swinging
Batting: RHB Ramón Ramírez 0-0: Ground out 1-3 (Groundball, 13S)
Bottom of the 5th over - 0 runs, 0 hits, 0 errors, 0 left on base; Nebraska 2 - Bellevue 0
TOP OF THE 6TH
Nebraska Plainsmen batting - Pitching for Bellevue Bruins : RHP Claudio Mateo
Batting: RHB Jen-djieh Cheung 0-0: Ball
1-0: Ball
2-0: Fly out, F3 (Line Drive, 34)
Batting: SHB Allen Pandey 0-0: Foul Ball, location: 2F
0-1: Called Strike
0-2: Strikes out swinging
Batting: RHB Alco Compagne 0-0: Ball
1-0: Swinging Strike
1-1: Ball
2-1: Called Strike
2-2: Ball
3-2: Strikes out looking
Top of the 6th over - 0 runs, 0 hits, 0 errors, 0 left on base; Nebraska 2 - Bellevue 0
BOTTOM OF THE 6TH
Bellevue Bruins batting - Pitching for Nebraska Plainsmen : RHP Enrique Mateo
Batting: RHB Dennis Shaw 0-0: Called Strike
0-1: Ball
1-1: Foul Ball, location: 2F
1-2: Foul Ball, location: 2F
1-2: Fly out, F1 (Line Drive, 13S)
Batting: LHB Juan Romero 0-0: Called Strike
0-1: Reached on error, E4 (Groundball, 4)
Batting: RHB Ryan Faulkner 0-0: SINGLE (Line Drive, 78S)
Juan Romero to third
Runner from 3rd tries for Home, SAFE, no throw
Batting: SHB Júlio Morín Jr. 0-0: Ball
1-0: Ball
2-0: Called Strike
2-1: Fly out, F9 (Flyball, 9S)
Batting: SHB Aurelio Jiménez 0-0: Called Strike
0-1: Ball
1-1: SINGLE (Line Drive, 6D)
Ryan Faulkner to second
Runner from 2nd tries for 3rd, SAFE, no throw
Batting: RHB Miguel Elías 0-0: Ball
1-0: Called Strike
1-1: Ball
Wild Pitch!
Ryan Faulkner scores
Aurelio Jiménez to second
2-1: Foul Ball, location: 2F
2-2: Fly out, F8 (Flyball, 8RS)
Bottom of the 6th over - 2 runs, 2 hits, 1 error, 1 left on base; Nebraska 2 - Bellevue 2
TOP OF THE 7TH
Nebraska Plainsmen batting - Pitching for Bellevue Bruins : RHP Claudio Mateo
Pinch Hitting: SHB Rafael Porfrio 0-0: Called Strike
0-1: SINGLE (Groundball, 3D)
Batting: RHB Shelby Loudenslager 0-0: Ball
1-0: Called Strike
1-1: Ground out 5-3 (Groundball, 56S)
Rafael Porfrio to second
Batting: SHB José Muñóz 0-0: Ball
1-0: Called Strike
1-1: Foul Ball, location: 2F
1-2: Strikes out swinging
Pinch Hitting: RHB Lloyd Raaijmakers 0-0: Called Strike
0-1: Foul Ball, location: 2F
0-2: Ball
1-2: Foul Ball, location: 2F
1-2: Foul Ball, location: 2F
1-2: Ball
2-2: Ball
3-2: Base on Balls
Pitching: RHP Jorge Travieso
Pinch Hitting: RHB José Bravo 0-0: Called Strike
0-1: Ground out 3-1 (Groundball, 34)
Top of the 7th over - 0 runs, 1 hit, 0 errors, 2 left on base; Nebraska 2 - Bellevue 2
BOTTOM OF THE 7TH
Bellevue Bruins batting - Pitching for Nebraska Plainsmen : RHP Enrique Mateo
Now at 2B: Hal Gast
Now at 3B: José Bravo
Now in CF: José Germán
Batting: LHB David Muller 0-0: Ball
1-0: Ball
2-0: Called Strike
2-1: Foul Ball, location: 2F
2-2: Foul Ball, location: 2F
2-2: Foul Ball, location: 2F
2-2: Fly out, F7 (Flyball, 7S)
Batting: LHB Domingo Colón 0-0: Ball
1-0: Ball
2-0: Foul Ball, location: 2F
2-1: Ball
3-1: Called Strike
3-2: Base on Balls
Pinch Hitting: LHB Atro Jarvilehto 0-0: Called Strike
0-1: Ball
1-1: Fly out, F8 (Flyball, 8RD)
Batting: RHB Dennis Shaw 0-0: Ball
1-0: Foul Ball, location: 2F
1-1: Ball
2-1: Ball
3-1: Base on Balls
Domingo Colón to second
Pitching: RHP Gabriel Escobar
Batting: LHB Juan Romero 0-0: Ball
1-0: Ball
2-0: Ball
3-0: Called Strike
3-1: Base on Balls
Domingo Colón to third
Dennis Shaw to second
Batting: RHB Ryan Faulkner 0-0: Ball
1-0: Called Strike
1-1: Ball
2-1: Called Strike
2-2: Foul Ball, location: 2F
2-2: Ball
3-2: Strikes out swinging
Bottom of the 7th over - 0 runs, 0 hits, 0 errors, 3 left on base; Nebraska 2 - Bellevue 2
TOP OF THE 8TH
Nebraska Plainsmen batting - Pitching for Bellevue Bruins : RHP Jorge Travieso
Now in LF: Atro Jarvilehto
Batting: SHB Cyrille Baffi 0-0: Called Strike
0-1: Ball
1-1: Ball
2-1: Swinging Strike
2-2: Ball
3-2: SINGLE (Groundball, 56S) (infield hit)
Batting: RHB Jen-djieh Cheung 0-0: Bunt missed!
0-1: Ball
1-1: Bunt missed!
1-2: Hit by Pitch
Cyrille Baffi to second
Pinch Hitting: LHB Bob Knutson 0-0: Ball
1-0: Grounds into double play, 4-6-3 (Groundball, 34)
Cyrille Baffi to third
Batting: RHB Alco Compagne 0-0: Swinging Strike
0-1: Called Strike
0-2: Strikes out swinging
Top of the 8th over - 0 runs, 1 hit, 0 errors, 1 left on base; Nebraska 2 - Bellevue 2
BOTTOM OF THE 8TH
Bellevue Bruins batting - Pitching for Nebraska Plainsmen : RHP Gabriel Escobar
Now at SS: Martin Dalling
Batting: SHB Júlio Morín Jr. 0-0: Called Strike
0-1: Called Strike
0-2: Foul Ball, location: 2F
0-2: Strikes out swinging
Batting: SHB Aurelio Jiménez 0-0: Called Strike
0-1: Called Strike
0-2: Ball
1-2: Ball
2-2: Strikes out looking
Batting: RHB Miguel Elías 0-0: Ball
1-0: SOLO HOME RUN (Flyball, 9LD), Distance : 362 ft
Batting: LHB David Muller 0-0: Called Strike
0-1: Ball
1-1: SINGLE (Groundball, 6) (infield hit)
Pinch Hitting: LHB Lorenzo Díaz 0-0: Ball
1-0: Ball
2-0: Called Strike
2-1: Foul Ball, location: 2F
2-2: DOUBLE (Flyball, 89XD)
David Muller to third
Runner from 3rd tries for Home, SAFE, no throw
Pitching: LHP Pablo Aguilar
Batting: LHB Atro Jarvilehto 0-0: Ball
1-0: Ball
2-0: Called Strike
2-1: Foul Ball, location: 2F
2-2: Strikes out looking
Bottom of the 8th over - 2 runs, 3 hits, 0 errors, 1 left on base; Nebraska 2 - Bellevue 4
TOP OF THE 9TH
Nebraska Plainsmen batting - Pitching for Bellevue Bruins : RHP Jorge Travieso
Pitching: RHP Brendan Haataja
Now in RF: Jorge Ayala
Batting: RHB Hal Gast 0-0: Foul Ball, location: 2F
0-1: Called Strike
0-2: Strikes out swinging
Batting: RHB Shelby Loudenslager 0-0: Ball
1-0: SINGLE (Groundball, 6MD)
Batting: SHB José Muñóz 0-0: Called Strike
0-1: Hit by Pitch
Shelby Loudenslager to second
Pinch Hitting: RHB Matt Poole 0-0: Foul Ball, location: 2F
0-1: Called Strike
0-2: Ball
1-2: Ball
2-2: Strikes out swinging
Batting: RHB José Bravo 0-0: Called Strike
0-1: Ball
1-1: Ball
2-1: Ground out 4-3 (Groundball, 4)
Top of the 9th over - 0 runs, 1 hit, 0 errors, 2 left on base; Nebraska 2 - Bellevue 4
Tuesday, December 19th, 2017 - OOTP Baseball 18.8 Build 76